TOP OF THE 1ST |
Illinois Fighting Illini batting - Pitching for Southern California Trojans : LHP Harry Arthur
|
Pitching: LHP Harry Arthur
|
|
Batting: SHB Dale Winters
|
0-0: Called Strike 0-1: Foul Ball, location: 2F 0-2: SINGLE (Line Drive, 4MD)
|
Batting: SHB Arturo García
|
0-0: Ball 1-0: Foul Ball, location: 2F 1-1: TRIPLE (Flyball, 9LM) Dale Winters scores
|
Batting: SHB Frank Grant
|
0-0: Ball 1-0: Fly out, F3 (Popup, 3F)
|
Batting: LHB Joe Alexander
|
0-0: Fly out, F6 (Popup, 6)
|
Batting: RHB Benoît Vigneault
|
0-0: Swinging Strike 0-1: Ball 1-1: Foul Ball, location: 2F 1-2: Foul Ball, location: 2F 1-2: Ball 2-2: Ball 3-2: Base on Balls
|
Batting: LHB John Miller
|
0-0: Ball 1-0: Ball 2-0: Fly out, F9 (Flyball, 89M)
|
Top of the 1st over - 1 run(s), 2 hit(s), 0 error(s), 2 left on base; Illinois 1 - Southern California 0 |
BOTTOM OF THE 1ST |
Southern California Trojans batting - Pitching for Illinois Fighting Illini : RHP Artie Smith
|
Pitching: RHP Artie Smith
|
|
Batting: RHB Enrico Davis
|
0-0: Ball 1-0: Called Strike 1-1: Called Strike 1-2: Ball 2-2: Foul Ball, location: 2F 2-2: Strikes out swinging
|
Batting: RHB José Hernández
|
0-0: Swinging Strike 0-1: Foul Ball, location: 2F 0-2: Strikes out swinging
|
Batting: RHB Marvin Johnson
|
0-0: Swinging Strike 0-1: Called Strike 0-2: Strikes out swinging
|
Bottom of the 1st over - 0 run(s), 0 hit(s), 0 error(s), 0 left on base; Illinois 1 - Southern California 0 |
TOP OF THE 2ND |
Illinois Fighting Illini batting - Pitching for Southern California Trojans : LHP Harry Arthur
|
Batting: RHB Alfonso Reyes
|
0-0: SINGLE (Groundball, 56D) (infield hit)
|
Batting: SHB Shannon Cline
|
0-0: Called Strike 0-1: Foul Ball, location: 2F 0-2: Ball 1-2: Ball 2-2: Foul Ball, location: 2F 2-2: Foul Ball, location: 2F 2-2: Ball 3-2: Foul Ball, location: 2F 3-2: Fly out, F8 (Flyball, 8RM) 3-2: Fly out, F8 (Flyball, 8RM)
|
Batting: RHB Jon Foster
|
0-0: Foul Ball, location: 2F 0-1: Ball 1-1: Ball 2-1: Swinging Strike 2-2: Strikes out looking
|
Batting: SHB Dale Winters
|
0-0: Ball 1-0: Foul Ball, location: 2F 1-1: Swinging Strike 1-2: Ball 2-2: Ball 3-2: Base on Balls Alfonso Reyes to second
|
Batting: SHB Arturo García
|
0-0: Swinging Strike 0-1: DOUBLE (Flyball, 7M) Alfonso Reyes scores Dale Winters to third Runner from 3rd tries for Home, SAFE, no throw or cutoff
|
Batting: SHB Frank Grant
|
0-0: Swinging Strike 0-1: Foul Ball, location: 2F 0-2: Strikes out swinging
|
Top of the 2nd over - 2 run(s), 2 hit(s), 0 error(s), 1 left on base; Illinois 3 - Southern California 0 |
BOTTOM OF THE 2ND |
Southern California Trojans batting - Pitching for Illinois Fighting Illini : RHP Artie Smith
|
Batting: LHB Kel Smith
|
0-0: Ball 1-0: Foul Ball, location: 2F 1-1: Foul Ball, location: 2F 1-2: Ground out 4-3 (Groundball, 4)
|
Batting: RHB Mike Carter
|
0-0: Called Strike 0-1: Foul Ball, location: 2F 0-2: Strikes out looking
|
Batting: RHB Ron Davis
|
0-0: Ball 1-0: Called Strike 1-1: Swinging Strike 1-2: Ball 2-2: Strikes out swinging
|
Bottom of the 2nd over - 0 run(s), 0 hit(s), 0 error(s), 0 left on base; Illinois 3 - Southern California 0 |
TOP OF THE 3RD |
Illinois Fighting Illini batting - Pitching for Southern California Trojans : LHP Harry Arthur
|
Batting: LHB Joe Alexander
|
0-0: Ball Single, Error in OF, E8, batter to second base
|
Batting: RHB Benoît Vigneault
|
0-0: Called Strike 0-1: Swinging Strike 0-2: Strikes out swinging
|
Batting: LHB John Miller
|
0-0: Ball 1-0: Called Strike 1-1: Foul Ball, location: 2F 1-2: Strikes out looking
|
Batting: RHB Alfonso Reyes
|
0-0: Called Strike 0-1: Ball 1-1: Foul Ball, location: 2F 1-2: Ball 2-2: Ball 3-2: Strikes out looking
|
Top of the 3rd over - 0 run(s), 1 hit(s), 1 error(s), 1 left on base; Illinois 3 - Southern California 0 |
BOTTOM OF THE 3RD |
Southern California Trojans batting - Pitching for Illinois Fighting Illini : RHP Artie Smith
|
Batting: RHB Wade Martin
|
0-0: Swinging Strike 0-1: Swinging Strike 0-2: Ball 1-2: Ball 2-2: Strikes out looking
|
Batting: LHB Carl Hodge
|
0-0: Called Strike 0-1: Ground out 6-3 (Groundball, 56)
|
Batting: LHB Steve Herman
|
0-0: Called Strike 0-1: Ball 1-1: SINGLE (Line Drive, 9LS)
|
Batting: RHB Enrico Davis
|
0-0: Fly out, F3 (Popup, 34S)
|
Bottom of the 3rd over - 0 run(s), 1 hit(s), 0 error(s), 1 left on base; Illinois 3 - Southern California 0 |
TOP OF THE 4TH |
Illinois Fighting Illini batting - Pitching for Southern California Trojans : LHP Harry Arthur
|
Batting: SHB Shannon Cline
|
0-0: Ball 1-0: Called Strike 1-1: Ball 2-1: Ground out 5-3 (Groundball, 5S)
|
Batting: RHB Jon Foster
|
0-0: Ball 1-0: Called Strike 1-1: Ball 2-1: Swinging Strike 2-2: Strikes out swinging
|
Batting: SHB Dale Winters
|
0-0: Called Strike 0-1: Foul Ball, location: 2F 0-2: Ball 1-2: Ball 2-2: Ball 3-2: Ground out 6-3 (Groundball, 6M)
|
Top of the 4th over - 0 run(s), 0 hit(s), 0 error(s), 0 left on base; Illinois 3 - Southern California 0 |
BOTTOM OF THE 4TH |
Southern California Trojans batting - Pitching for Illinois Fighting Illini : RHP Artie Smith
|
Batting: RHB José Hernández
|
0-0: Called Strike 0-1: Ball 1-1: Swinging Strike 1-2: Ball 2-2: Foul Ball, location: 2F 2-2: Foul Ball, location: 2F 2-2: Foul Ball, location: 2F 2-2: Ball 3-2: Fly out, F8 (Flyball, 8LM)
|
Batting: RHB Marvin Johnson
|
0-0: Fly out, F8 (Line Drive, 8LS)
|
Batting: LHB Kel Smith
|
0-0: Ball 1-0: Ball 2-0: Ball 3-0: Called Strike 3-1: Base on Balls
|
Batting: RHB Mike Carter
|
0-0: Ball 1-0: Foul Ball, location: 2F 1-1: Fielders Choice at 2nd, 5-4 (Groundball, 56)
|
Bottom of the 4th over - 0 run(s), 0 hit(s), 0 error(s), 0 left on base; Illinois 3 - Southern California 0 |
TOP OF THE 5TH |
Illinois Fighting Illini batting - Pitching for Southern California Trojans : LHP Harry Arthur
|
Batting: SHB Arturo García
|
0-0: Ball 1-0: Foul Ball, location: 2F 1-1: Ball 2-1: Foul Ball, location: 2F 2-2: Strikes out swinging
|
Pitching: LHP Gary Dunlap
|
|
Batting: SHB Frank Grant
|
0-0: Ball 1-0: Called Strike 1-1: Foul Ball, location: 2F 1-2: Foul Ball, location: 2F 1-2: Foul Ball, location: 2F 1-2: Foul Ball, location: 2F 1-2: Strikes out swinging
|
Batting: LHB Joe Alexander
|
0-0: Foul Ball, location: 2F 0-1: SINGLE (Line Drive, 4MD)
|
Batting: RHB Benoît Vigneault
|
0-0: Called Strike Joe Alexander steals 2nd base 0-1: Ball 1-1: Called Strike 1-2: Foul Ball, location: 2F 1-2: SINGLE (Line Drive, 6M) Joe Alexander to third Runner from 3rd tries for Home, SAFE, no throw or cutoff
|
Batting: LHB John Miller
|
0-0: Swinging Strike 0-1: Swinging Strike 0-2: Strikes out looking
|
Top of the 5th over - 1 run(s), 2 hit(s), 0 error(s), 1 left on base; Illinois 4 - Southern California 0 |
BOTTOM OF THE 5TH |
Southern California Trojans batting - Pitching for Illinois Fighting Illini : RHP Artie Smith
|
Batting: RHB Ron Davis
|
0-0: Ball 1-0: Ball 2-0: Called Strike 2-1: Called Strike 2-2: Ball 3-2: Strikes out swinging
|
Batting: RHB Wade Martin
|
0-0: Called Strike 0-1: Fly out, F7 (Flyball, 7LM)
|
Batting: LHB Carl Hodge
|
0-0: Swinging Strike 0-1: Foul Ball, location: 2F 0-2: Foul Ball, location: 2F 0-2: Strikes out swinging
|
Bottom of the 5th over - 0 run(s), 0 hit(s), 0 error(s), 0 left on base; Illinois 4 - Southern California 0 |
TOP OF THE 6TH |
Illinois Fighting Illini batting - Pitching for Southern California Trojans : LHP Gary Dunlap
|
Batting: RHB Alfonso Reyes
|
0-0: Ground out 1-3 (Groundball, 15)
|
Batting: SHB Shannon Cline
|
0-0: Called Strike 0-1: Ball 1-1: Ball 2-1: Ball 3-1: Base on Balls
|
Batting: RHB Jon Foster
|
0-0: Ball 1-0: Foul Ball, location: 2F 1-1: Ball 2-1: Ball 3-1: Called Strike 3-2: Foul Ball, location: 2F 3-2: Base on Balls Shannon Cline to second
|
Batting: SHB Dale Winters
|
0-0: Called Strike 0-1: Foul Ball, location: 2F 0-2: Ball 1-2: Ball 2-2: Ball 3-2: Strikes out looking
|
Pitching: RHP Charlie Ross
|
|
Batting: SHB Arturo García
|
0-0: Called Strike 0-1: Swinging Strike 0-2: Strikes out looking
|
Top of the 6th over - 0 run(s), 0 hit(s), 0 error(s), 2 left on base; Illinois 4 - Southern California 0 |
BOTTOM OF THE 6TH |
Southern California Trojans batting - Pitching for Illinois Fighting Illini : RHP Artie Smith
|
Batting: LHB Steve Herman
|
0-0: Ball 1-0: Ball 2-0: Ground out 1-3 (Groundball, 15)
|
Batting: RHB Enrico Davis
|
0-0: DOUBLE (Line Drive, 78M)
|
Batting: RHB José Hernández
|
0-0: Ground out U3 (Groundball, 3S) Enrico Davis to third
|
Batting: RHB Marvin Johnson
|
0-0: Ball 1-0: Foul Ball, location: 2F 1-1: Ball 2-1: Foul Ball, location: 2F 2-2: Fly out, F9 (Flyball, 9LM)
|
Bottom of the 6th over - 0 run(s), 1 hit(s), 0 error(s), 1 left on base; Illinois 4 - Southern California 0 |
TOP OF THE 7TH |
Illinois Fighting Illini batting - Pitching for Southern California Trojans : RHP Charlie Ross
|
Batting: SHB Frank Grant
|
0-0: SINGLE (Groundball, 3S)
|
Batting: LHB Joe Alexander
|
0-0: Fielders Choice at 2nd, 3-6 (Groundball, 3)
|
Batting: RHB Benoît Vigneault
|
0-0: Called Strike Joe Alexander steals 2nd base 0-1: Called Strike Joe Alexander steals 3rd base 0-2: Foul Ball, location: 2F 0-2: Foul Ball, location: 2F 0-2: Ball 1-2: Foul Ball, location: 2F 1-2: Fly out, F8 (Flyball, 8LM) Runner from 3rd tags up, SCORES, no throw
|
Batting: LHB John Miller
|
0-0: SOLO HOME RUN (Flyball, 78XD), Distance : 388 ft
|
Batting: RHB Alfonso Reyes
|
0-0: Swinging Strike 0-1: Called Strike 0-2: Strikes out swinging
|
Top of the 7th over - 2 run(s), 2 hit(s), 0 error(s), 0 left on base; Illinois 6 - Southern California 0 |
BOTTOM OF THE 7TH |
Southern California Trojans batting - Pitching for Illinois Fighting Illini : RHP Artie Smith
|
Batting: LHB Kel Smith
|
0-0: Called Strike 0-1: Fly out, F8 (Popup, 4MD)
|
Batting: RHB Mike Carter
|
0-0: Ball 1-0: Swinging Strike 1-1: Foul Ball, location: 2F 1-2: Foul Ball, location: 2F 1-2: Ball 2-2: Strikes out swinging
|
Batting: RHB Ron Davis
|
0-0: Ball 1-0: Called Strike 1-1: Foul Ball, location: 2F 1-2: Strikes out swinging
|
Bottom of the 7th over - 0 run(s), 0 hit(s), 0 error(s), 0 left on base; Illinois 6 - Southern California 0 |
TOP OF THE 8TH |
Illinois Fighting Illini batting - Pitching for Southern California Trojans : RHP Charlie Ross
|
Batting: SHB Shannon Cline
|
0-0: Ball 1-0: Swinging Strike 1-1: Ball 2-1: Swinging Strike 2-2: Ball 3-2: Strikes out swinging
|
Batting: RHB Jon Foster
|
0-0: Called Strike 0-1: Ball 1-1: Ball 2-1: Fly out, F9 (Line Drive, 89S)
|
Batting: SHB Dale Winters
|
0-0: Swinging Strike 0-1: Ball 1-1: Foul Ball, location: 2F 1-2: Ball 2-2: Ball 3-2: Strikes out swinging
|
Top of the 8th over - 0 run(s), 0 hit(s), 0 error(s), 0 left on base; Illinois 6 - Southern California 0 |
BOTTOM OF THE 8TH |
Southern California Trojans batting - Pitching for Illinois Fighting Illini : RHP Artie Smith
|
Pitching: RHP John Brock
|
|
Batting: RHB Wade Martin
|
0-0: Called Strike 0-1: Swinging Strike 0-2: Hit by Pitch
|
Batting: LHB Carl Hodge
|
0-0: Ball 1-0: Foul Ball, location: 2F 1-1: Fly out, F7 (Flyball, 7M)
|
Batting: LHB Steve Herman
|
0-0: Foul Ball, location: 2F 0-1: Swinging Strike 0-2: Foul Ball, location: 2F 0-2: Ball 1-2: Foul Ball, location: 2F 1-2: Foul Ball, location: 2F 1-2: Ball 2-2: Strikes out swinging
|
Batting: RHB Enrico Davis
|
0-0: Ball 1-0: Foul Ball, location: 2F 1-1: Ball 2-1: Foul Ball, location: 2F 2-2: Foul Ball, location: 2F 2-2: Strikes out swinging
|
Bottom of the 8th over - 0 run(s), 0 hit(s), 0 error(s), 1 left on base; Illinois 6 - Southern California 0 |
TOP OF THE 9TH |
Illinois Fighting Illini batting - Pitching for Southern California Trojans : RHP Charlie Ross
|
Batting: SHB Arturo García
|
0-0: Called Strike 0-1: Swinging Strike 0-2: Strikes out swinging
|
Pitching: RHP Jason Morrison
|
|
Batting: SHB Frank Grant
|
0-0: Ball 1-0: Called Strike 1-1: Ball 2-1: Ball 3-1: Called Strike 3-2: Strikes out swinging
|
Batting: LHB Joe Alexander
|
0-0: Fly out, F5 (Popup, 25)
|
Top of the 9th over - 0 run(s), 0 hit(s), 0 error(s), 0 left on base; Illinois 6 - Southern California 0 |
BOTTOM OF THE 9TH |
Southern California Trojans batting - Pitching for Illinois Fighting Illini : RHP John Brock
|
Batting: RHB José Hernández
|
0-0: Ball 1-0: Called Strike 1-1: Ball 2-1: Called Strike 2-2: Ball 3-2: Strikes out swinging
|
Batting: RHB Marvin Johnson
|
0-0: Called Strike 0-1: Called Strike 0-2: Foul Ball, location: 2F 0-2: Ball 1-2: Foul Ball, location: 2F 1-2: Ball 2-2: Ball 3-2: Base on Balls
|
Batting: LHB Kel Smith
|
0-0: Swinging Strike 0-1: Foul Ball, location: 2F 0-2: Strikes out looking
|
Batting: RHB Mike Carter
|
0-0: Ball 1-0: Ball 2-0: Called Strike 2-1: Swinging Strike 2-2: Ball 3-2: Foul Ball, location: 2F 3-2: Strikes out swinging
|
Bottom of the 9th over - 0 run(s), 0 hit(s), 0 error(s), 1 left on base; Illinois 6 - Southern California 0 |
|